 Dungeon Crawl Stone Soup version 0.31-a0-202-g547052bce9 (webtiles) character file.

Game seed: 4907405171892156005

228 qw the Skirmisher (level 5, 0/30 HPs)
             Began as a Deep Elf Hunter on June 26, 2023.
             Was an Initiate of Okawaru.
             Slain by an orc wizard
             ... wielding a +0 dagger
              (2 damage)
             ... on level 4 of the Dungeon.
             The game lasted 00:01:00 (3230 turns).

qw the Skirmisher (Deep Elf Hunter)                 Turns: 3230, Time: 00:01:01

Health: 0/30       AC:  7    Str:  9 (10) XL:     5   Next: 71%
Magic:  7/7        EV: 10    Int: 12 (14) God:    Okawaru [......]
Gold:   178        SH:  0    Dex: 17 (18) Spells: 4/4 levels left

rFire   . . .        Y - +2 shortbow
rCold   . . .        (shield currently unavailable)
rNeg    . . .        h - +0 ring mail
rPois   .            (no helmet)
rElec   .            (no cloak)
rCorr   .            d - +0 pair of gloves
SInv    .            b - +0 pair of boots
Will    .....        (no amulet)
Stlth   +            (no ring)
HPRegen 0.25/turn    (no ring)
MPRegen 0.10/turn

%: no passive effects
@: no status effects
A: no striking features
a: Renounce Religion


You were on level 4 of the Dungeon.
You worshipped Okawaru.
Okawaru was noncommittal.
You visited 2 branches of the dungeon, and saw 5 of its levels.

You collected 178 gold pieces.


   Skills:
 - Level 2.1 Fighting
 - Level 9.0 Ranged Weapons
 + Level 0.0 Armour
 - Level 2.4 Dodging
 - Level 1.2 Stealth


You had 4 spell levels left.
You didn't know any spells.
Your spell library was empty.

Inventory:

Hand Weapons
 Y - a +2 shortbow (weapon)
Armour
 b - a +0 pair of boots (worn)
 d - a +0 pair of gloves (worn)
 h - a +0 ring mail (worn)
 k - a scarf of invisibility
Scrolls
 g - 2 scrolls of identify
 l - a scroll of enchant armour {unknown}
Potions
 a - a potion of resistance
 c - a potion of curing
 e - a potion of might
 f - a potion of invisibility {unknown}
 i - a potion of ambrosia {unknown}
 j - a potion of mutation {unknown}

Dungeon Overview and Level Annotations

Branches:
Dungeon (4/15)             Temple (1/1) D:4

Altars:
Cheibriados
Dithmenos
Fedhas
Hepliaklqana
Makhleb
Okawaru
Qazlal
Ru
Sif Muna
Trog
Uskayaw
Vehumet
Wu Jian
Xom
Yredelemnul

Shops:
D:1 :   D:3 (::(

Annotations:
D:3 1 runed translucent door, Crazy Yiuf


Message History

You shoot an arrow. The arrow hits the orc.
The orc is moderately wounded.
The orc hits you with a +0 hand axe. Something hits you but does no damage.
You shoot an arrow.
The arrow hits the orc but does no damage.
The orc is moderately wounded.
The orc barely misses you.
Something hits you but does no damage. x2
The orc misses you.
You shoot an arrow. The arrow closely misses the orc.
The orc hits you but does no damage. Something hits you.
You shoot an arrow. The arrow misses the orc.
The orc barely misses you. Something hits you.
You shoot an arrow. The arrow closely misses the orc.
The orc hits you but does no damage.
You hear some strange, mumbled words.
A magic dart appears from out of thin air!
The magic dart hits you.
You shoot an arrow. The arrow hits the orc.
You kill the orc!
Okawaru accepts your kill. Something hits you.
You shoot an arrow.
You hear some strange, mumbled words.
You are confused.
You shoot an arrow. Something hits you.
You shoot an arrow.
You hear some strange, mumbled words.
Something tries to affect you, but you resist.
Something hits you.
You shoot an arrow.
You hear some strange, mumbled words.
A puff of flame appears from out of thin air!
The puff of flame hits you!
You shoot an arrow. Something hits you.
You shoot an arrow.
You feel less confused. Something hits you.
You die...

.......!.# ###
.....###.####.## ......
####..#...##.#.##..#.. .
$..##.......###.#....#..
$\55#.....##.#.##......#
$..##..#.####.## .......
####..##.# #.# .......
.....###.# #.###).....#
.###.....# #...@{...#
#.#.###### #####..#....
##.#....... [.... .
.....###### .......
...### ####### ####


There were no monsters in sight!

Vanquished Creatures
  Jessica (D:3)
  Terence (D:3)
  An orc wizard (D:4)
  Natasha (thrice) (D:2)
  A gnoll (D:2)
  4 worms
  2 dart slugs (D:1)
  4 orcs (D:4)
  3 ball pythons
  3 bats
  5 endoplasms
  A giant cockroach (D:2)
  3 goblins
  4 hobgoblins
  5 jackals (D:2)
  A quokka (D:1)
  2 frilled lizards (D:2)
  3 kobolds
  6 rats
53 creatures vanquished.

Notes
Turn   | Place    | Note
-------+----------+-------------------------------------------
     0 | D:1      | qw the Deep Elf Hunter began the quest for the Orb.
     0 | D:1      | Reached XP level 1. HP: 12/12 MP: 3/3
     0 | D:1      | 0 ||| qw: Version: 0.3-a-22-g0ed2b0b
     0 | D:1      | 0 ||| qw: Game counter: 6132
     0 | D:1      | 0 ||| qw: Melee chars always use a shield: true
     0 | D:1      | 0 ||| qw: God list: Okawaru
     0 | D:1      | 0 ||| qw: Allow faded altars: false
     0 | D:1      | 0 ||| qw: Do Orc after clearing Dungeon:15 true
     0 | D:1      | 0 ||| qw: Do second Lair branch before Depths: true
     0 | D:1      | 0 ||| qw: Lair rune preference: random
     0 | D:1      | 0 ||| qw: Goals: Normal
     0 | D:1      | 0 ||| PLANNING D:1-11
   242 | D:1      | Found Vedod's Book Shoppe.
   491 | D:1      | Reached XP level 2. HP: 16/16 MP: 4/4
   495 | D:1      | Reached skill level 6 in Ranged Weapons
   791 | D:1      | 791 ||| UPGRADING to +0 pair of gloves.
   796 | D:1      | 796 ||| UPGRADING to +1 robe of cold resistance.
   806 | D:1      | 806 ||| DROPPING +0 leather armour.
   807 | D:1      | 807 ||| UPGRADING to +0 ring mail.
   817 | D:1      | 817 ||| DROPPING +1 robe of cold resistance.
   818 | D:1      | 818 ||| READING scroll labelled TAMUFI EBIDGH.
   819 | D:1      | 819 ||| READING 2 scrolls labelled TAOSHINLEX.
   820 | D:1      | 820 ||| READING scroll labelled JIEW TOILAKUL.
   821 | D:1      | 821 ||| DROPPING scroll of butterflies.
   823 | D:1      | 823 ||| Stepping ~*~*~tactically~*~*~ (cloud).
   829 | D:1      | HP: 4/16 [poisoned by you (poison gas)]
   998 | D:2      | Reached XP level 3. HP: 20/20 MP: 5/5
  1176 | D:2      | Noticed Natasha
  1179 | D:2      | 1179 ||| FLEEEEING.
  1180 | D:2      | 1180 ||| FLEEEEING.
  1181 | D:2      | 1181 ||| FLEEEEING.
  1196 | D:2      | HP: 3/20 [cerulean imp/+0 spear[Natasha] (3)]
  1198 | D:2      | Killed Natasha
  1199 | D:2      | Reached skill level 7 in Ranged Weapons
  1199 | D:2      | Reached XP level 4. HP: 5/25 MP: 6/6
  1343 | D:2      | Noticed Natasha
  1349 | D:2      | Killed Natasha
  1642 | D:2      | 1642 ||| READING scroll labelled XOWKAAF CERU.
  1643 | D:2      | 1643 ||| READING scroll labelled TYDIZIRECK.
  1744 | D:2      | 1744 ||| DRINKING 2 sedimented amethyst potions.
  1745 | D:2      | 1745 ||| READING 5 scrolls of identify.
  1745 | D:2      | 1745 ||| IDENTIFYING fizzy yellow potion
  1746 | D:2      | 1746 ||| DROPPING potion of degeneration.
  1747 | D:2      | 1747 ||| DROPPING potion of attraction.
  1841 | D:2      | Noticed Natasha
  1848 | D:2      | Killed Natasha
  1849 | D:2      | Reached skill level 8 in Ranged Weapons
  1936 | D:2      | 1936 ||| READING 4 scrolls of identify.
  1936 | D:2      | 1936 ||| IDENTIFYING fizzy golden potion
  1937 | D:2      | 1937 ||| READING 3 scrolls of identify.
  1937 | D:2      | 1937 ||| IDENTIFYING metallic cyan potion
  1938 | D:2      | 1938 ||| DROPPING potion of lignification.
  1974 | D:3      | Found Baduv's Book Shop.
  2000 | D:3      | Found Gaffokk's Weapon Emporium.
  2125 | D:3      | 2125 ||| READING scroll of enchant weapon.
  2125 | D:3      | 2125 ||| ENCHANTING +1 shortbow.
  2157 | D:3      | Found Eneelam's General Store.
  2186 | D:3      | Noticed Terence
  2190 | D:3      | Killed Terence
  2191 | D:3      | Reached XP level 5. HP: 19/29 MP: 7/7
  2381 | D:3      | Found a faded altar of an unknown god.
  2468 | D:3      | Found Ibrit's Book Shoppe.
  2473 | D:3      | Noticed a +0 demon trident
  2512 | D:3      | Noticed a +0 triple sword
  2513 | D:3      | Found Isalo's Weapon Boutique.
  2588 | D:3      | Noticed Jessica
  2590 | D:3      | Killed Jessica
  2591 | D:3      | Reached skill level 9 in Ranged Weapons
  2653 | D:3      | Found a runed translucent door.
  2654 | D:3      | Noticed Crazy Yiuf
  2796 | D:3      | 2796 ||| UPGRADING to +0 pair of boots.
  2801 | D:3      | 2801 ||| DROPPING ring of wizardry.
  2802 | D:3      | 2802 ||| READING scroll labelled GUBRISHRYTH.
  2803 | D:3      | 2803 ||| READING 2 scrolls of identify.
  2803 | D:3      | 2803 ||| IDENTIFYING sedimented cyan potion
  2899 | D:4      | Found a staircase to the Ecumenical Temple.
  2900 | D:4      | 2900 ||| PLANNING TEMPLE
  2913 | Temple   | Entered the Ecumenical Temple
  2936 | Temple   | 2936 ||| PLANNING OKAWARU WORSHIP
  2951 | Temple   | Became a worshipper of Warmaster Okawaru
  2952 | Temple   | 2952 ||| PLANNING D:1-11
  3210 | D:4      | 3210 ||| Stepping ~*~*~tactically~*~*~ (outnumbered).
  3228 | D:4      | HP: 3/30 [something/puff of flame (8)]
  3230 | D:4      | Slain by an orc wizard

Levels and vault maps discovered:
D:1:      minmay_arrival_pointy, layout_basic, serial_shops, shop
D:2:      layout_basic, minmay_misc_feat_rugged, cheibrodos_gnoll_hut,
          uniq_natasha
D:3:      layout_loops_ring, dreamdust_ecumenical_altar_hidden_monk_grotto,
          serial_shops, nicolae_shop_temple_entry_statues_fountains,
          nicolae_shop_mannequins, nicolae_shop_just_a_little_nook,
          nicolae_shop_hallway_stairs, shop, minmay_box_of_dots, uniq_terence,
          uniq_jessica, uniq_crazy_yiuf_cottage
D:4:      cheibrodos_quashed, layout_loops_ring, grunt_gozag_breadcrumbs,
          zin_statuary, minmay_temple_entry_statues_fountains,
          minmay_statues_item, minmay_misc_feat_more_columns
Temple:   hellmonk_temple_of_storms

Skill      XL: |  1  2  3  4  5 |
---------------+----------------+-----
Ranged Weapons | 6 7 8 9 |  9.0
Fighting       | 2 |  2.1
Dodging        | |  2.4
Stealth        | |  1.2

Action                     |  1- 3 |  4- 6 || total
---------------------------+-------+-------++-------
   Fire: Shortbow          |    88 |    96 ||   184
    Use: Scroll            |     3 |     8 ||    11
         Potion            |       |     1 ||     1
 Armour: Leather armour    |     3 |       ||     3
         Ring mail         |    12 |    11 ||    23
  Dodge: Dodged            |    26 |    13 ||    39

Table legend:
 A = Non-vault XP
 B = Vault XP
 C = Vault XP percentage of total XP
 D = Non-vault monster count
 E = Vault monster count
 F = Vault count percentage of total count
                 A         B        C        D         E       F
            +---------+---------+-------+---------+---------+-------
      Total |     192 |     135 |  41.3 |      44 |       9 |  17.0
            +---------+---------+-------+---------+---------+-------
        D:1 |      26 |       0 |   0.0 |      12 |       0 |   0.0
        D:2 |      99 |      53 |  34.9 |      19 |       4 |  17.4
        D:3 |      17 |      82 |  82.8 |       6 |       5 |  45.5
        D:4 |      50 |       0 |   0.0 |       7 |       0 |   0.0
            +---------+---------+-------+---------+---------+-------
